 Dungeon Crawl Stone Soup version 0.27.1 (webtiles) character file.

Game seed: 7643719783152917618

401 nxtlvl the Prestidigitator (level 6, 0/33 HPs)
             Began as a Deep Elf Artificer on Aug 31, 2021.
             Was an Initiate of Hepliaklqana.
             Succumbed to a kobold brigand's curare-tipped dart
             ... on level 8 of the Dungeon.
             The game lasted 00:18:21 (1570 turns).

nxtlvl the Prestidigitator (Deep Elf Artificer)     Turns: 1570, Time: 00:18:22

Health: 0/33       AC:  6    Str:  8 (9)  XL:     6   Next: 54%
Magic:  8/8        EV:  5    Int: 17 (18) God:    Hepliaklqana [......]
Gold:   91         SH:  6    Dex: 15      Spells: 5/5 levels left

rFire    . . .     SeeInvis .   b - +1 falchion (protect)
rCold    . . .     Faith    .   g - +0 kite shield
rNeg     . . .     Spirit   .   p - +0 scale mail
rPois    .         Reflect  .   (no helmet)
rElec    .         Harm     .   (no cloak)
rCorr    .         Rampage  .   (no gloves)
Will     .....                  (no boots)
Stlth    ..........             (no amulet)
HPRegen  0.11/turn              (no ring)
MPRegen  0.11/turn              (no ring)

@: lethally poisoned (0 -> -13), slowed, very slow
A: no striking features
a: Renounce Religion


You were on level 8 of the Dungeon.
You worshipped Hepliaklqana.
Hepliaklqana was noncommittal.
You visited 2 branches of the dungeon, and saw 9 of its levels.

You collected 91 gold pieces.

Inventory:

Hand Weapons
 a - a +0 hunting sling
 b - a +1 falchion of protection (weapon)
 i - a +0 club
 j - a +0 short sword
 q - a +0 dagger
Missiles
 c - 5 poisoned darts (quivered)
 f - 55 sling bullets
 n - 23 arrows
Armour
 g - a +0 kite shield (worn)
 h - a +0 leather armour
 p - a +0 scale mail (worn)
Wands
 d - a wand of charming (8)
Scrolls
 k - 2 scrolls of vulnerability {unknown}
Potions
 l - a potion of curing {unknown}
 o - a potion of degeneration
Miscellaneous
 e - a piece from Xom's chessboard (15/15)


   Skills:
 - Level 0.7 Fighting
 - Level 0.7 Armour
 - Level 2.4 Dodging
 - Level 1.2 Stealth
 + Level 8.2 Evocations


You had 5 spell levels left.
You didn't know any spells.
Your spell library was empty.

Dungeon Overview and Level Annotations

Branches:
Dungeon (8/15)             Temple (1/1) D:4
   Lair: D:8-11

Altars:
Cheibriados
Elyvilon
Gozag
Hepliaklqana
Makhleb
Nemelex Xobeh
Qazlal
Uskayaw
Vehumet
Wu Jian
Yredelemnul
Zin
The Shining One

Annotations:
D:4 Blork the orc
D:6 Prince Ribbit


Message History

Press: ? - help, Q - select action, (/) - cycle Shift-Dir - straight line, f/p - gnoll
Aim: a gnoll, wielding a +0 spear (poisoned, 60% to hit)
You throw a poisoned dart. The poisoned dart hits the gnoll.
The gnoll looks even sicker.
The gnoll hits you from afar with a +0 spear.
Throw: 5 darts (poison)
Press: ? - help, Q - select action, (/) - cycle Shift-Dir - straight line, f/p - gnoll
Aim: a gnoll, wielding a +0 spear (heavily wounded, poisoned, 58% to hit)
You throw a poisoned dart. The poisoned dart hits the gnoll.
The gnoll looks even sicker.
The gnoll is heavily wounded.
The gnoll hits you from afar with a +0 spear!
The gnoll hits you with a +0 spear.
You hit the gnoll.
Your weapon exudes an aura of protection.
You kill the gnoll!
Things that are here:
a +0 spear; a gnoll corpse
c - 5 poisoned darts (gained 1)
A kobold brigand is nearby!
The kobold brigand shouts!
You hear a shout! x3 3 gnolls come into view.
The gnoll shouts! x3
The gnoll moves out of view.
You block the kobold brigand's attack.
The kobold brigand throws a curare-tipped dart.
The curare-tipped dart hits you.
You are lethally poisoned!
You have difficulty breathing.
You feel yourself slow down.
Aiming: Charm
Press: ? - help, Shift-Dir - straight line, f - kobold brigand
Aim: a kobold brigand, wielding a +0 whip and quivering curare-tipped darts (chance to affect: 69%)
The kobold brigand struggles to resist.
* * * LOW HITPOINT WARNING * * *
You feel very sick.
Aiming: Charm
Press: ? - help, Shift-Dir - straight line, f/p - kobold brigand
Aim: a kobold brigand, wielding a +0 whip and quivering curare-tipped darts (chance to affect: 69%)
The kobold brigand is charmed.
You die...

##.........##.....#
#K)...##### 8...8
##)#..# ##>##
##)>...# #####
.###)...).# #.#
#..........# ##.#
#####......# #.)#
##.....#######.##
##.#.....gK@..#
#.#.####.#####
#.#.#..g.#
#.#.#.#### #.#.#.
#.#g #..( (. ...


You could see 2 gnolls and a friendly kobold brigand (charmed).

Vanquished Creatures
  A scorpion (D:5)
  A centaur zombie (D:7)
  Jessica (D:2)
  An iguana (D:5)
  A howler monkey zombie (D:7)
  3 gnolls
  An adder (D:4)
  A worm (D:2)
  A dart slug (D:3)
  An orc (D:5)
  2 giant cockroaches
  4 goblins
  3 hobgoblins (D:4)
  9 jackals
  5 kobolds
  2 ball pythons
  2 bats (D:3)
  A frilled lizard (D:2)
40 creatures vanquished.

Vanquished Creatures (collateral kills)
  A troll (D:8)
  A scorpion (D:5)
  A jelly (D:5)
  4 orcs
  3 kobolds (D:8)
10 creatures vanquished.

Vanquished Creatures (others)
  An ogre (D:5)
1 creature vanquished.

Grand Total: 51 creatures vanquished

Notes
Turn   | Place    | Note
-------+----------+-------------------------------------------
     0 | D:1      | nxtlvl the Deep Elf Artificer began the quest for the Orb.
     0 | D:1      | Reached XP level 1. HP: 11/11 MP: 3/3
     4 | D:1      | You fall into a shaft and drop 1 floor!
   116 | D:2      | Noticed Jessica
   117 | D:2      | Killed Jessica
   118 | D:2      | Reached skill level 4 in Evocations
   118 | D:2      | Reached XP level 2. HP: 16/16 MP: 4/4
   118 | D:2      | Reached XP level 3. HP: 20/20 MP: 5/5
   306 | D:2      | You fall into a shaft and drop 1 floor!
   376 | D:3      | Reached skill level 5 in Evocations
   628 | D:4      | Noticed Blork the orc
   643 | D:5      | Entered Level 5 of the Dungeon
   703 | D:5      | Reached XP level 4. HP: 19/24 MP: 6/6
   763 | D:5      | Noticed an ogre
   763 | D:5      | Noticed a scorpion
   803 | D:5      | Killed a scorpion
   804 | D:5      | Reached skill level 6 in Evocations
   857 | D:5      | Noticed a scorpion
   865 | D:5      | Killed a scorpion
   866 | D:5      | Reached XP level 5. HP: 23/28 MP: 7/7
  1069 | D:4      | Reached skill level 7 in Evocations
  1081 | D:4      | Found a staircase to the Ecumenical Temple.
  1091 | Temple   | Entered the Ecumenical Temple
  1147 | Temple   | Became a worshipper of Hepliaklqana the Forgotten
  1245 | D:6      | Noticed Prince Ribbit
  1403 | D:7      | HP: 1/28 [gnoll (4)]
  1418 | D:7      | Reached XP level 6. HP: 24/33 MP: 8/8
  1448 | D:8      | Noticed a troll
  1465 | D:8      | Noticed an acid dragon
  1474 | D:8      | Killed a troll
  1475 | D:8      | Reached skill level 8 in Evocations
  1533 | D:8      | Found a stormy altar of Qazlal.
  1533 | D:8      | Found a basalt altar of Yredelemnul.
  1570 | D:8      | Succumbed to a kobold brigand's curare-tipped dart

Illustrated notes

Levels and vault maps discovered:
D:1:      mrwooster_arrival_statue, layout_basic, basic_ecumenical_altar,
          chequers_serial_rivers_micro_e, minmay_misc_feat_pillars,
          minmay_bisected
D:2:      layout_loops_ring, hangedman_decor_push, uniq_jessica
D:3:      layout_basic
D:4:      layout_loops_cross, overflow_temple_1_default,
          minmay_temple_entry_hall, uniq_blork_the_orc
D:5:      layout_basic, minmay_misc_feat_enclosed
D:6:      layout_rooms, uniq_prince_ribbit1
D:7:      layout_loops_ring
D:8:      layout_loops_ring, nicolae_overflow_hidden_temple,
          grunt_decor_fettered, nicolae_island_escapes, uniq_joseph,
          uniq_maurice, uniq_psyche
Temple:   minmay_temple_curvy_loop

Skill      XL: |  1  2  3  4  5  6 |
---------------+-------------------+-----
Evocations     | 4 5 6 7 8 |  8.2
Fighting       | |  0.7
Armour         | |  0.7
Dodging        | |  2.4
Stealth        | |  1.2

Action                   |  1- 3 |  4- 6 || total
-------------------------+-------+-------++-------
Melee: Club              |     2 |       ||     2
       Dagger            |    51 |    11 ||    62
       Falchion          |       |    66 ||    66
 Fire: Hunting sling     |    45 |    25 ||    70
Throw: Dart              |       |     4 ||     4
Evoke: Wand              |     5 |    17 ||    22
       Piece from Xom's  |       |     1 ||     1
  Use: Potion            |       |     4 ||     4
 Stab: Sleeping          |     1 |       ||     1
Armor: Leather armour    |    31 |       ||    31
       Scale mail        |     7 |    96 ||   103
Dodge: Dodged            |    49 |    26 ||    75
Block: Kite shield       |    49 |    62 ||   111
       Rpst.: Falchion   |       |     3 ||     3
